 Dungeon Crawl Stone Soup version 0.24.0-123-gd5b16e6ec5 (webtiles) character file.

Game seed: 18277488971061560551, levelgen mode: deterministic

51 FishyPogo the Charmwright (level 3, 0/31 HPs)
             Began as a Gnoll Skald on Dec 26, 2019.
             Slain by a worm (8 damage)
             ... on level 2 of the Dungeon.
             The game lasted 00:02:06 (909 turns).

FishyPogo the Charmwright (Gnoll Skald)              Turns: 909, Time: 00:02:07

Health: 0/31       AC:  3    Str: 14    XL:     3   Next: 83%
Magic:  9/9        EV: 13    Int: 15    God:
Gold:   13         SH:  0    Dex: 14    Spells: 7/12 levels left

rFire    . . .     SeeInvis .   a - +0 falchion
rCold    . . .     Gourm    .   (no shield)
rNeg     . . .     Faith    .   b - +0 leather armour
rPois    .         Spirit   .   (no helmet)
rElec    .         Reflect  .   (no cloak)
rCorr    .         Harm     .   (no gloves)
MR       .....                  (no boots)
Stlth    +.........             (no amulet)
HPRegen  0.10/turn              (no ring)
MPRegen  0.11/turn              (no ring)

@: heavily drained
A: distributed training, fangs 1, strong nose
a: no special abilities


You were on level 2 of the Dungeon.
You were not hungry.

You visited 1 branch of the dungeon, and saw 2 of its levels.

You collected 13 gold pieces.

Inventory:

Hand Weapons
 a - a +0 falchion (weapon)
Missiles
 c - 45 stones (quivered)
 e - a throwing net
Armour
 b - a +0 leather armour (worn)
Scrolls
 f - a scroll of remove curse {unknown}
Comestibles
 d - 3 rations
 g - 3 chunks of flesh


   Skills:
 + Level 4.5(3.2) Fighting
 + Level 0.9(0.0) Short Blades
 + Level 4.5(3.2) Long Blades
 + Level 0.9(0.0) Axes
 + Level 0.9(0.0) Maces & Flails
 + Level 0.9(0.0) Polearms
 + Level 0.9(0.0) Staves
 + Level 0.9(0.0) Slings
 + Level 0.9(0.0) Bows
 + Level 0.9(0.0) Crossbows
 + Level 0.9(0.0) Throwing
 + Level 2.6(1.3) Armour
 + Level 4.5(3.2) Dodging
 + Level 0.9(0.0) Stealth
 + Level 0.9(0.0) Shields
 + Level 0.9(0.0) Unarmed Combat
 + Level 5.0(3.6) Spellcasting
 + Level 0.6(0.0) Conjurations
 + Level 0.6(0.0) Hexes
 + Level 5.4(4.0) Charms
 + Level 0.6(0.0) Summonings
 + Level 0.6(0.0) Necromancy
 + Level 0.6(0.0) Translocations
 + Level 0.6(0.0) Transmutations
 + Level 0.6(0.0) Fire Magic
 + Level 0.6(0.0) Ice Magic
 + Level 0.6(0.0) Air Magic
 + Level 0.6(0.0) Earth Magic
 + Level 0.6(0.0) Poison Magic
 + Level 1.0(0.0) Invocations
 + Level 0.9(0.0) Evocations


You had 7 spell levels left.
You knew the following spells:

 Your Spells              Type           Power        Failure   Level  Hunger
p - Shroud of Golubria    Chrm/Tloc      #.....       16%         2    ##.....
u - Song of Slaying       Chrm           ##......     7%          2    ##.....
y - Infusion              Chrm           ##..         4%          1    None

Your spell library contained the following spells:

 Spells                   Type           Power        Failure   Level  Hunger
 Regeneration             Chrm/Necr      #.........   30%         3    ###....
 Spectral Weapon          Hex/Chrm       #.......     30%         3    ###....


Dungeon Overview and Level Annotations

Branches:
Dungeon (2/15)

Altars:


Innate Abilities, Weirdness & Mutations

Your experience applies equally to all skills.
You have very sharp teeth.
Your uncanny sense of smell can sniff out nearby items.


Message History

You riposte.
You hit the adder.
You kill the adder!
You hit the worm but do no damage. The worm bites you!
* * * LOW HITPOINT WARNING * * *
You are too injured to fight recklessly!
You are too injured to fight recklessly!
You are too injured to fight recklessly!
You are too injured to fight recklessly!
You are too injured to fight recklessly!
You are too injured to fight recklessly!
You are too injured to fight recklessly!
You are too injured to fight recklessly!
You are too injured to fight recklessly!
You are too injured to fight recklessly!
You hit the worm.
The worm is lightly wounded.
You hit the worm.
The worm is moderately wounded.
The worm bites you!
You die...

###+###### ∆
#........#
#....(...#
#.....[..#
#..##........#######
...................#
##..###.##########.#
......†@# #.#####
......w)# #.#....
........# #.#.##.
........# #.#..#.
........# #.#<.#.
.$......# #.####.
........# #......
........# #######


You could see a worm.

Vanquished Creatures
  An adder (D:2)
  An ooze (D:1)
  2 dart slugs (D:1)
  2 ball pythons (D:1)
  7 bats (D:1)
  2 giant cockroaches (D:1)
  4 goblins (D:1)
  2 hobgoblins (D:1)
  2 frilled lizards (D:1)
  4 kobolds
  8 rats
35 creatures vanquished.

Notes
Turn   | Place    | Note
-------+----------+-------------------------------------------
     0 | D:1      | FishyPogo the Gnoll Skald began the quest for the Orb.
     0 | D:1      | Reached XP level 1. HP: 20/20 MP: 6/6
    55 | D:1      | Reached XP level 2. HP: 23/26 MP: 7/7
    67 | D:1      | Learned a level 2 spell: Song of Slaying
    70 | D:1      | Learned a level 2 spell: Shroud of Golubria
   258 | D:1      | Reached XP level 3. HP: 23/31 MP: 9/9
   277 | D:1      | Reached skill level 5 in Spellcasting
   561 | D:1      | Reached skill level 1 in Invocations
   909 | D:2      | Slain by a worm

Levels and vault maps discovered:
D:1:      dpeg_arrival_concentric_ovals, layout_basic,
          corexii_item_surrounded_by_moat
D:2:      layout_basic, lemuel_crystal_altar, chequers_ecumenical_altar_simple,
          uniq_robin, uniq_crazy_yiuf_cottage, uniq_natasha

Skill      XL: |  1  2  3 |
---------------+----------+-----
Spellcasting   | 5 |  5.0
Invocations    | 1 |  1.0
Fighting       | |  4.5
Short Blades   | |  0.9
Long Blades    | |  4.5
Axes           | |  0.9
Maces & Flails | |  0.9
Polearms       | |  0.9
Staves         | |  0.9
Slings         | |  0.9
Bows           | |  0.9
Crossbows      | |  0.9
Throwing       | |  0.9
Armour         | |  2.6
Dodging        | |  4.5
Stealth        | |  0.9
Shields        | |  0.9
Unarmed Combat | |  0.9
Conjurations   | |  0.6
Hexes          | |  0.6
Charms         | |  5.4
Summonings     | |  0.6
Necromancy     | |  0.6
Translocations | |  0.6
Transmutations | |  0.6
Fire Magic     | |  0.6
Ice Magic      | |  0.6
Air Magic      | |  0.6
Earth Magic    | |  0.6
Poison Magic   | |  0.6
Evocations     | |  0.9

Action                   || total
-------------------------++-------
Melee: Falchion          ||    89
       Bite              ||    13
 Cast: Shroud of Golubri ||     2
       Song of Slaying   ||     1
Armor: Leather armour    ||    18
Dodge: Dodged            ||    81
       Rpst.: Falchion   ||    25
